 Dungeon Crawl Stone Soup version 0.29.1-13-g9f3cf754e1 (webtiles) character file.

Game seed: 11566860759931816937

56 Jod the Chopper (level 3, 0/31 HPs)
             Began as a Minotaur Fighter on Jan 30, 2023.
             Slain by Natasha (8 damage)
             ... on level 2 of the Dungeon.
             The game lasted 00:04:13 (435 turns).

Jod the Chopper (Minotaur Fighter)                   Turns: 435, Time: 00:04:13

Health: 0/31       AC:  6    Str: 22    XL:     3   Next: 71%
Magic:  2/2        EV:  9    Int:  5    God:
Gold:   104        SH:  4    Dex:  9    Spells: 2/2 levels left

rFire   . . .      SeeInvis .   a - +0 war axe
rCold   . . .      Faith    .   c - +0 buckler
rNeg    . . .      Spirit   .   b - +0 scale mail
rPois   .          Reflect  .   (helmet restricted)
rElec   .          Harm     .   (no cloak)
rCorr   .          Rampage  .   (no gloves)
Will    .....                   (no boots)
Stlth   ..........              (no amulet)
HPRegen 0.10/turn               (no ring)
MPRegen 0.08/turn               (no ring)

@: no status effects
A: horns 2, retaliatory headbutt
a: no special abilities


You were on level 2 of the Dungeon.
You visited 1 branch of the dungeon, and saw 2 of its levels.

You collected 104 gold pieces.

Inventory:

Hand Weapons
 a - a +0 war axe (weapon)
Armour
 b - a +0 scale mail (worn)
 c - a +0 buckler (worn)
Scrolls
 e - a scroll of blinking {unknown}
 f - 2 scrolls of teleportation {unknown}
 g - a scroll of vulnerability {unknown}
 h - a scroll of enchant weapon {unknown}
Potions
 d - a potion of might
 i - a potion of haste {unknown}
 j - a potion of curing {unknown}


   Skills:
 - Level 3.6 Fighting
 + Level 5.0 Axes
 - Level 3.6 Armour
 - Level 3.6 Shields


You had 2 spell levels left.
You didn't know any spells.
Your spell library contained the following spells:

 Spells                   Type           Power      Damage    Failure   Level
 Sandblast                Erth           0%         2d4       88%         1
 Passwall                 Tmut/Erth      0%         N/A       95%         2
 Stone Arrow              Conj/Erth      0%         3d7       99%         3


Dungeon Overview and Level Annotations

Branches:
Dungeon (2/15)

Altars:

Annotations:
D:2 Natasha


Innate Abilities, Weirdness & Mutations

You have a pair of horns on your head.
You reflexively headbutt those who attack you in melee.


Message History

You closely miss the frilled lizard. The frilled lizard bites you.
The frilled lizard barely misses you.
You closely miss the frilled lizard.
Your headbutt misses the frilled lizard.
The frilled lizard misses you.
You miss the frilled lizard. You headbutt the frilled lizard.
You kill the frilled lizard!
Found a book of Geomancy.
You see here a +0 whip.
Found a sling.
You pick up a book of Geomancy and begin reading...
You add the spells Sandblast, Passwall and Stone Arrow to your library.
Found a sling.
Found an escape hatch in the ceiling.
Found a blue potion.
Press: ? - help, v - describe, . - travel, g - get item Item here: a blue potion.
The floor.
j - a blue potion
Press: ? - help, v - describe, . - travel The floor.
Press: ? - help, v - describe, . - travel The floor.
There is an escape hatch in the ceiling here.
Really walk into that teleport trap?
You enter a teleport trap!
The teleport trap disappears.
Your surroundings suddenly seem different.
Natasha, Servant of Life and Death comes into view.
Found a whip.
Found a faded altar of an unknown god.
Natasha hisses angrily.
Natasha claws you.
* * * LOW HITPOINT WARNING * * *
You hit Natasha.
Natasha is moderately wounded.
Natasha claws you.
* * * LOW HITPOINT WARNING * * *
You barely miss Natasha. You headbutt Natasha.
Natasha is moderately wounded.
Natasha claws you!
You die...

#######
#...........
##♣..8..∩..8...
#.÷...........
##.............
...∩..∩..∩..∩..8
...>..............
..................
...........∩..∩...
#####.....@.......
#.....h.......
#_..8..8..8.).
##############


You could see Natasha.

Vanquished Creatures
  Natasha (D:2)
  An adder (D:2)
  A worm (D:2)
  3 ball pythons
  3 endoplasms
  A goblin (D:1)
  A hobgoblin (D:2)
  2 quokkas
  3 frilled lizards
  3 kobolds
  2 rats
21 creatures vanquished.

Notes
Turn   | Place    | Note
-------+----------+-------------------------------------------
     0 | D:1      | Jod the Minotaur Fighter began the quest for the Orb.
     0 | D:1      | Reached XP level 1. HP: 19/19 MP: 0/0
   138 | D:1      | Reached skill level 3 in Axes
   205 | D:1      | Reached XP level 2. HP: 20/26 MP: 1/1
   273 | D:2      | Reached skill level 4 in Axes
   335 | D:2      | Noticed Natasha
   337 | D:2      | Reached XP level 3. HP: 20/31 MP: 2/2
   345 | D:2      | Killed Natasha
   346 | D:2      | Reached skill level 5 in Axes
   433 | D:2      | Found a faded altar of an unknown god.
   433 | D:2      | Noticed Natasha
   435 | D:2      | Slain by Natasha

Illustrated notes

Levels and vault maps discovered:
D:1:      saegor_arrival_simple_a, layout_basic
D:2:      layout_rooms, basic_altar, serial_shops, nicolae_diamond_shop,
          hellmonk_ecumenical_altar_arch_garden, uniq_natasha,
          uniq_crazy_yiuf_cottage

Skill      XL: |  1  2  3 |
---------------+----------+-----
Axes           | 3 4 5 |  5.0
Fighting       | |  3.6
Armour         | |  3.6
Shields        | |  3.6

Action                   || total
-------------------------++-------
Melee: War axe           ||    53
       Headbutt          ||     6
Armor: Scale mail        ||    13
Dodge: Dodged            ||    21
Block: Buckler           ||     8
